EVO
UCLA BRUINS @ UNIVERSITY OF TORONTO MARLIES
12/21/2047
 
TOP OF THE 1ST
UCLA Bruins batting - Pitching for University of Toronto Marlies : RHP Matt Lane
Pitching: RHP Matt Lane
Batting: SHB Dan Trainer 0-0: Called Strike
0-1: Ball
1-1: Swinging Strike
1-2: Ball
2-2: Strikes out looking
Batting: LHB Luis Ortegon 0-0: Called Strike
0-1: SINGLE (Groundball, 5S, EV 72.5 MPH) (infield hit)
Batting: RHB Andy Knerr 0-0: Ball
1-0: Called Strike
1-1: Called Strike
1-2: Ball
2-2: Strikes out looking
Batting: LHB Scott Mullett 0-0: Swinging Strike
0-1: Ball
1-1: Ball
2-1: Fly out, F7 (Line Drive, 7LM, EV 107.5 MPH)
Top of the 1st over - 0 runs, 1 hit, 0 errors, 1 left on base; UCLA 0 - University of Toronto 0
BOTTOM OF THE 1ST
University of Toronto Marlies batting - Pitching for UCLA Bruins : RHP Kyle Mann
Pitching: RHP Kyle Mann
Batting: SHB Jose Melendez 0-0: Called Strike
0-1: Ground out 6-3 (Groundball, 6, EV 90.0 MPH)
Batting: RHB Akichika Yamano 0-0: Swinging Strike
0-1: Ball
1-1: Ball
2-1: Ball
3-1: Base on Balls
Batting: SHB Jack Tierney 0-0: Called Strike
0-1: Ball
1-1: Foul Ball, location: 2F
1-2: Ball
2-2: Ball
3-2: Foul Ball, location: 2F
3-2: Strikes out swinging
Batting: RHB Logan Johnson 0-0: Ball
1-0: Foul Ball, location: 2F
1-1: Foul Ball, location: 2F
1-2: Foul Ball, location: 2F
1-2: Ball
2-2: Fly out, F7 (Flyball, 7, EV 86.9 MPH)
Bottom of the 1st over - 0 runs, 0 hits, 0 errors, 1 left on base; UCLA 0 - University of Toronto 0
TOP OF THE 2ND
UCLA Bruins batting - Pitching for University of Toronto Marlies : RHP Matt Lane
Batting: LHB Mark Cummings 0-0: Ball
1-0: Called Strike
1-1: Swinging Strike
1-2: Foul Ball, location: 2F
1-2: SINGLE (Groundball, 25, EV 67.5 MPH) (infield hit)
Batting: SHB Mike Beck 0-0: Foul Ball, location: 2F
0-1: Ball
1-1: Ball
2-1: Fly out, F7 (Flyball, 78M, EV 91.2 MPH)
Batting: RHB Dave Spradley 0-0: Ball
1-0: Called Strike
1-1: Ball
2-1: Ball
3-1: Grounds into double play, 6-4-3 (Groundball, 6, EV 83.8 MPH)
Top of the 2nd over - 0 runs, 1 hit, 0 errors, 0 left on base; UCLA 0 - University of Toronto 0
BOTTOM OF THE 2ND
University of Toronto Marlies batting - Pitching for UCLA Bruins : RHP Kyle Mann
Batting: LHB Efrem Isaev 0-0: Ball
1-0: Foul Ball, location: 2F
1-1: Called Strike
1-2: SINGLE (Line Drive, 7S, EV 99.4 MPH)
Batting: SHB Shannon Britten 0-0: Ball
1-0: Ball
2-0: Called Strike
2-1: Foul Ball, location: 2F
2-2: Ball
3-2: Base on Balls
Efrem Isaev to second
Batting: RHB Elmar Adenauer 0-0: Ball
1-0: Foul Ball, location: 2F
1-1: Ball
2-1: Ball
3-1: Foul Ball, location: 2F
3-2: SINGLE (Line Drive, 78M, EV 95.0 MPH)
Efrem Isaev to third
Shannon Britten to second
Batting: RHB Jeff McClellan 0-0: Called Strike
0-1: Ball
1-1: Ball
2-1: Ball
3-1: Foul Ball, location: 2F
3-2: SINGLE (Line Drive, 9S, EV 96.2 MPH)
Efrem Isaev scores
Shannon Britten to third
Elmar Adenauer to second
Batting: RHB George Sonier 0-0: Ball
1-0: Foul Ball, location: 2F
1-1: Swinging Strike
1-2: Foul Ball, location: 2F
1-2: Grounds into double play, 5-4-3 (Groundball, 56S, EV 90.0 MPH)
Shannon Britten scores
Elmar Adenauer to third
Batting: SHB Jose Melendez 0-0: Ground out 5-3 (Groundball, 5S, EV 70.6 MPH)
Bottom of the 2nd over - 2 runs, 3 hits, 0 errors, 1 left on base; UCLA 0 - University of Toronto 2
TOP OF THE 3RD
UCLA Bruins batting - Pitching for University of Toronto Marlies : RHP Matt Lane
Batting: RHB Michael Alvarado 0-0: Ball
1-0: Ball
2-0: Ball
3-0: Foul Ball, location: 2F
3-1: Base on Balls
Batting: RHB Ken Hillman 0-0: Called Strike
0-1: Ball
1-1: Ball
2-1: Fly out, F5 (Popup, 25F, EV 84.4 MPH)
Batting: SHB Dan Trainer 0-0: Swinging Strike
0-1: Ball
1-1: Called Strike
1-2: Ball
2-2: Fly out, F7 (Flyball, 7LD, EV 102.5 MPH)
Batting: LHB Luis Ortegon 0-0: Ball
1-0: Called Strike
1-1: Ball
2-1: Called Strike
2-2: Foul Ball, location: 2F
2-2: Strikes out swinging
Top of the 3rd over - 0 runs, 0 hits, 0 errors, 1 left on base; UCLA 0 - University of Toronto 2
BOTTOM OF THE 3RD
University of Toronto Marlies batting - Pitching for UCLA Bruins : RHP Kyle Mann
Batting: RHB Akichika Yamano 0-0: Ball
1-0: Ground out 6-3 (Groundball, 56D, EV 100.0 MPH)
Batting: SHB Jack Tierney 0-0: Ball
1-0: Ball
2-0: Called Strike
2-1: Swinging Strike
2-2: Ball
3-2: SOLO HOME RUN (Flyball, 78XD, EV 100.0 MPH), Distance : 415 ft
Batting: RHB Logan Johnson 0-0: Ball
1-0: Ball
2-0: Foul Ball, location: 2F
2-1: Foul Ball, location: 2F
2-2: Foul Ball, location: 2F
2-2: Fly out, F8 (Flyball, 8RM, EV 88.8 MPH)
Batting: LHB Efrem Isaev 0-0: Called Strike
0-1: Foul Ball, location: 2F
0-2: Ball
1-2: Ball
2-2: Ball
3-2: Foul Ball, location: 2F
3-2: Fly out, F8 (Line Drive, 8RM, EV 104.4 MPH)
Bottom of the 3rd over - 1 run, 1 hit, 0 errors, 0 left on base; UCLA 0 - University of Toronto 3
TOP OF THE 4TH
UCLA Bruins batting - Pitching for University of Toronto Marlies : RHP Matt Lane
Batting: RHB Andy Knerr 0-0: Ball
1-0: Foul Ball, location: 2F
1-1: Foul Ball, location: 2F
1-2: Ground out 6-3 (Groundball, 6MD, EV 81.2 MPH)
Batting: LHB Scott Mullett 0-0: Called Strike
0-1: Fly out, F8 (Flyball, 8RM, EV 77.5 MPH)
Batting: LHB Mark Cummings 0-0: Ball
1-0: Called Strike
1-1: SINGLE (Groundball, 34S, EV 72.5 MPH) (infield hit)
Batting: SHB Mike Beck 0-0: Ground out 4-3 (Groundball, 4, EV 102.5 MPH)
Top of the 4th over - 0 runs, 1 hit, 0 errors, 1 left on base; UCLA 0 - University of Toronto 3
BOTTOM OF THE 4TH
University of Toronto Marlies batting - Pitching for UCLA Bruins : RHP Kyle Mann
Batting: SHB Shannon Britten 0-0: Called Strike
0-1: Ball
1-1: Ball
2-1: Foul Ball, location: 2F
2-2: Foul Ball, location: 2F
2-2: Ball
3-2: Base on Balls
Pitching: RHP Juan Zatarain
Batting: RHB Elmar Adenauer 0-0: Foul Ball, location: 2F
0-1: Foul Ball, location: 2F
0-2: Ball
1-2: Ball
2-2: Grounds into double play, 5-4-3 (Groundball, 56D, EV 88.8 MPH)
Batting: RHB Jeff McClellan 0-0: Ball
1-0: SINGLE (Line Drive, 78S, EV 91.2 MPH)
Batting: RHB George Sonier 0-0: Fly out, F9 (Line Drive, 9, EV 108.8 MPH)
Bottom of the 4th over - 0 runs, 1 hit, 0 errors, 1 left on base; UCLA 0 - University of Toronto 3
TOP OF THE 5TH
UCLA Bruins batting - Pitching for University of Toronto Marlies : RHP Matt Lane
Batting: RHB Dave Spradley 0-0: Ball
1-0: Ball
2-0: Called Strike
2-1: Foul Ball, location: 2F
2-2: Ball
3-2: Strikes out looking
Batting: RHB Michael Alvarado 0-0: Ball
1-0: Ball
2-0: DOUBLE (Line Drive, 89D, EV 99.4 MPH)
Batting: RHB Ken Hillman 0-0: Ball
1-0: Ground out 5-3 (Groundball, 56, EV 91.2 MPH)
Batting: SHB Dan Trainer 0-0: Fly out, F8 (Flyball, 8LS, EV 91.9 MPH)
Top of the 5th over - 0 runs, 1 hit, 0 errors, 1 left on base; UCLA 0 - University of Toronto 3
BOTTOM OF THE 5TH
University of Toronto Marlies batting - Pitching for UCLA Bruins : RHP Juan Zatarain
Batting: SHB Jose Melendez 0-0: Foul Ball, location: 2F
0-1: Ball
1-1: Ball
2-1: Foul Ball, location: 2F
2-2: Ball
3-2: Ground out 4-3 (Groundball, 4, EV 81.2 MPH)
Batting: RHB Akichika Yamano 0-0: Ball
1-0: Ball
2-0: Ball
3-0: Called Strike
3-1: SINGLE (Line Drive, 9S, EV 106.9 MPH)
Batting: SHB Jack Tierney 0-0: Ball
Pickoff Throw to First - Error! E1
Akichika Yamano to second
1-0: Ball
2-0: Called Strike
2-1: Foul Ball, location: 2F
2-2: Ball
3-2: Foul Ball, location: 2F
3-2: Foul Ball, location: 2F
3-2: SINGLE (Groundball, 4MD, EV 100.6 MPH)
Akichika Yamano to third
Runner from 3rd tries for Home, SAFE, throw by CF to home
Batting: RHB Logan Johnson 0-0: Ball
1-0: Swinging Strike
1-1: Ball
2-1: 2-RUN HOME RUN (Flyball, 7D, EV 96.9 MPH), Distance : 383 ft
Pitching: RHP Mark Crawford
Batting: LHB Efrem Isaev 0-0: Ball
1-0: SINGLE (Line Drive, 7S, EV 104.4 MPH)
Batting: SHB Shannon Britten 0-0: Ball
Efrem Isaev steals 2nd, throwing error, E2
Efrem Isaev to third
1-0: Ball
2-0: Ball
3-0: Base on Balls
Batting: RHB Elmar Adenauer 0-0: Swinging Strike
0-1: Ball
1-1: Swinging Strike
1-2: Strikes out swinging
Batting: RHB Jeff McClellan 0-0: Ball
1-0: Called Strike
1-1: Ball
2-1: Ground out 4-3 (Groundball, 4, EV 84.4 MPH)
Bottom of the 5th over - 3 runs, 4 hits, 2 errors, 2 left on base; UCLA 0 - University of Toronto 6
TOP OF THE 6TH
UCLA Bruins batting - Pitching for University of Toronto Marlies : RHP Matt Lane
Batting: LHB Luis Ortegon 0-0: Ground out 5-3 (Groundball, 5D, EV 92.5 MPH)
Batting: RHB Andy Knerr 0-0: Ball
1-0: Ball
2-0: Ball
3-0: Called Strike
3-1: Foul Ball, location: 2F
3-2: Foul Ball, location: 2F
3-2: Foul Ball, location: 2F
3-2: Strikes out swinging
Batting: LHB Scott Mullett 0-0: Foul Ball, location: 2F
0-1: Ground out 4-3 (Groundball, 34, EV 78.1 MPH)
Top of the 6th over - 0 runs, 0 hits, 0 errors, 0 left on base; UCLA 0 - University of Toronto 6
BOTTOM OF THE 6TH
University of Toronto Marlies batting - Pitching for UCLA Bruins : RHP Mark Crawford
Batting: RHB George Sonier 0-0: Ball
1-0: Ball
2-0: Swinging Strike
2-1: Ball
3-1: Base on Balls
Pitching: RHP Quincy Bowen
Batting: SHB Jose Melendez 0-0: Foul Ball, location: 2F
0-1: Foul Ball, location: 2F
0-2: Ball
1-2: Foul Ball, location: 2F
1-2: Strikes out swinging
Batting: RHB Akichika Yamano 0-0: 2-RUN HOME RUN (Flyball, 78XD, EV 104.4 MPH), Distance : 421 ft
Batting: SHB Jack Tierney 0-0: Called Strike
0-1: Ground out 4-3 (Groundball, 4, EV 93.8 MPH)
Batting: RHB Logan Johnson 0-0: Ball
1-0: Ball
2-0: Foul Ball, location: 2F
2-1: Called Strike
2-2: Ball
3-2: Foul Ball, location: 2F
3-2: Base on Balls
Batting: LHB Efrem Isaev 0-0: Ball
1-0: Foul Ball, location: 2F
1-1: Foul Ball, location: 2F
1-2: Strikes out looking
Bottom of the 6th over - 2 runs, 1 hit, 0 errors, 1 left on base; UCLA 0 - University of Toronto 8
TOP OF THE 7TH
UCLA Bruins batting - Pitching for University of Toronto Marlies : RHP Matt Lane
Batting: LHB Mark Cummings 0-0: Ball
1-0: Ball
2-0: Ball
3-0: Called Strike
3-1: Called Strike
3-2: Foul Ball, location: 2F
3-2: SINGLE (Line Drive, 56, EV 95.0 MPH)
Pitching: LHP John Sceviour
Batting: SHB Mike Beck 0-0: Ball
Wild Pitch!
Mark Cummings to second
1-0: Ground out 3-1 (Groundball, 34, EV 87.5 MPH)
Mark Cummings to third
Batting: RHB Dave Spradley 0-0: Foul Ball, location: 2F
0-1: Ball
1-1: SINGLE (Groundball, 4MD, EV 95.6 MPH)
Mark Cummings scores
Batting: RHB Michael Alvarado 0-0: Called Strike
0-1: Swinging Strike
0-2: Strikes out swinging
Batting: RHB Ken Hillman 0-0: Called Strike
0-1: Fly out, F7 (Line Drive, 7, EV 94.4 MPH)
Top of the 7th over - 1 run, 2 hits, 0 errors, 1 left on base; UCLA 1 - University of Toronto 8
BOTTOM OF THE 7TH
University of Toronto Marlies batting - Pitching for UCLA Bruins : RHP Quincy Bowen
Pitching: RHP Luis de Jesus
Batting: SHB Shannon Britten 0-0: Called Strike
0-1: Called Strike
0-2: Strikes out swinging, 2-3 out at first.
Batting: RHB Elmar Adenauer 0-0: Ball
1-0: DOUBLE (Line Drive, 89D, EV 107.5 MPH)
Batting: RHB Jeff McClellan 0-0: Called Strike
0-1: Called Strike
0-2: Strikes out looking
Batting: RHB George Sonier 0-0: Ball
1-0: Fly out, F4 (Popup, 4MD, EV 50.6 MPH)
Bottom of the 7th over - 0 runs, 1 hit, 0 errors, 1 left on base; UCLA 1 - University of Toronto 8
TOP OF THE 8TH
UCLA Bruins batting - Pitching for University of Toronto Marlies : LHP John Sceviour
Batting: SHB Dan Trainer 0-0: Ball
1-0: Called Strike
1-1: Called Strike
1-2: Fly out, F8 (Flyball, 8RXD, EV 90.0 MPH)
Batting: LHB Luis Ortegon 0-0: Ball
1-0: Foul Ball, location: 2F
1-1: Foul Ball, location: 2F
1-2: Foul Ball, location: 2F
1-2: Ball
2-2: SINGLE (Groundball, 56D, EV 110.0 MPH)
Pitching: RHP Norm Wamboldt
Batting: RHB Andy Knerr 0-0: Ball
1-0: Ball
2-0: Ball
3-0: Foul Ball, location: 2F
3-1: Base on Balls
Luis Ortegon to second
Batting: LHB Scott Mullett 0-0: Swinging Strike
0-1: Ball
1-1: Foul Ball, location: 2F
1-2: Strikes out looking
Batting: LHB Mark Cummings 0-0: Fly out, F8 (Flyball, 8LM, EV 85.0 MPH)
Top of the 8th over - 0 runs, 1 hit, 0 errors, 2 left on base; UCLA 1 - University of Toronto 8
BOTTOM OF THE 8TH
University of Toronto Marlies batting - Pitching for UCLA Bruins : RHP Luis de Jesus
Pitching: LHP Joe Landgraff
Batting: SHB Jose Melendez 0-0: Ball
1-0: Swinging Strike
1-1: SINGLE (Groundball, 56S, EV 75.6 MPH) (infield hit)
Batting: RHB Akichika Yamano 0-0: Fielders Choice at 2nd, 6-4 (Groundball, 6, EV 87.5 MPH)
Batting: SHB Jack Tierney 0-0: Ball
1-0: Called Strike
1-1: Foul Ball, location: 2F
1-2: Ball
Wild Pitch!
Akichika Yamano to second
2-2: Ball
3-2: Foul Ball, location: 2F
3-2: Base on Balls
Batting: RHB Logan Johnson 0-0: Foul Ball, location: 2F
0-1: Ball
1-1: SINGLE (Flyball, 9LS, EV 86.2 MPH)
Akichika Yamano to third
Jack Tierney to second
Batting: LHB Efrem Isaev 0-0: Ball
1-0: Called Strike
1-1: Swinging Strike
1-2: Foul Ball, location: 2F
1-2: Grounds into double play, 5-4-3 (Groundball, 56, EV 84.4 MPH)
Bottom of the 8th over - 0 runs, 2 hits, 0 errors, 2 left on base; UCLA 1 - University of Toronto 8
TOP OF THE 9TH
UCLA Bruins batting - Pitching for University of Toronto Marlies : RHP Norm Wamboldt
Batting: SHB Mike Beck 0-0: Foul Ball, location: 2F
0-1: Called Strike
0-2: Ball
1-2: Strikes out swinging
Pinch Hitting: RHB Adam Beal 0-0: Ball
1-0: Ball
2-0: Called Strike
2-1: Swinging Strike
2-2: Ball
3-2: Strikes out looking
Batting: RHB Michael Alvarado 0-0: Ground out 6-3 (Groundball, 6, EV 90.6 MPH)
Top of the 9th over - 0 runs, 0 hits, 0 errors, 0 left on base; UCLA 1 - University of Toronto 8
Thursday, December 15th , 2022 - OOTP Baseball 23.9 Build 102